 Dungeon Crawl Stone Soup version 0.31.0-32-g396128a36d (webtiles) character file.

Game seed: 608252404359856291

25475 Nikitauou the Bludgeoner (level 13, -23/88 HPs)
             Began as a Gargoyle Gladiator on Apr 6, 2024.
             Annihilated by a very large slime creature (30 damage)
             ... on level 13 of the Dungeon.
             The game lasted 00:35:22 (18691 turns).

Nikitauou the Bludgeoner (Gargoyle Gladiator)      Turns: 18691, Time: 00:35:22

Health: -23/88     AC: 25    Str: 23    XL:     13   Next: 19%
Magic:  13/13      EV: 11    Int:  9    God:
Gold:   644        SH:  0    Dex: 17    Spells: 12/12 levels left

rFire   . . .        a - +4 flail
rCold   + + .        (no shield)
rNeg    + . .        G - +3 scale mail {rC+}
rPois   ∞            c - +0 helmet
rElec   +            l - +0 cloak
rCorr   .            (no gloves)
SInv    .            U - +0 pair of boots
Will    .....        L - amulet of the acrobat
Stlth   ++           o - +6 ring of dexterity
HPRegen 0.34/turn    z - ring "Geeckukor" {rC+ Slay+4}
MPRegen 0.13/turn

%: acrobat
@: invisible
A: sickness immunity, AC +9, negative energy resistance 1, electricity
resistance, torment resistance 1, petrification resistance
a: no special abilities


You were on level 13 of the Dungeon.
You visited 1 branch of the dungeon, and saw 13 of its levels.

You collected 794 gold pieces.
You spent 150 gold pieces at shops.

Inventory:

Hand Weapons
 a - a +4 flail (weapon)
 h - a +2 whip of electrocution
 m - a +1 great sword of venom
 t - a +0 vampiric dagger
Missiles
 d - 2 throwing nets (quivered)
 e - 14 javelins
Armour
 b - a +0 leather armour
 c - a +0 helmet (worn)
 k - a +0 ring mail
 l - a +0 cloak (worn)
 q - an orb of energy
 G - a +3 scale mail of cold resistance (worn)
 J - a +0 buckler
 K - a +1 chain mail
 Q - a +0 plate armour
 U - a +0 pair of boots (worn)
Magical Staves
 A - a staff of death
Jewellery
 o - a +6 ring of dexterity (left hand)
 p - a ring of ice
 s - a +6 ring of dexterity
 w - a ring of magical power
 y - a +4 ring of protection
 z - the ring "Geeckukor" (right hand) {rC+ Slay+4}
   (You acquired it on level 7 of the Dungeon)

   [ring of slaying]

   Slay+4:    It affects your accuracy & damage with ranged weapons and melee
   (+4).
   rC+:       It protects you from cold.
 C - a ring of willpower
 E - a +5 ring of evasion
 L - an amulet of the acrobat (around neck)
 M - a +6 ring of dexterity
 R - a ring of see invisible
Talismans
 x - the blade talisman of a wizard's laboratory {Fly rC+}
   (You found it on level 5 of the Dungeon)

   [blade talisman]

   rC+:       It protects you from cold.
   Fly:       It grants you flight.
Wands
 u - a wand of mindburst (3)
 V - a wand of paralysis (3)
Scrolls
 f - 9 scrolls of identify
 n - 3 scrolls of amnesia
 B - 2 scrolls of immolation
 F - a scroll of torment
 H - 2 scrolls of revelation
 O - a scroll of teleportation
 P - a scroll of fog
 S - a scroll of silence
Potions
 g - a potion of ambrosia {unknown}
 i - a potion of attraction {unknown}
 j - 3 potions of lignification
 r - a potion of invisibility
 v - a potion of mutation {unknown}
 D - a potion of haste {unknown}
 I - a potion of resistance {unknown}
 N - a potion of enlightenment {unknown}


   Skills:
 * Level 13.0 Fighting
 * Level 15.3 Maces & Flails
 + Level 2.2 Throwing
 + Level 9.9 Armour
 - Level 2.9 Dodging
 + Level 6.0 Stealth
 + Level 1.9 Evocations


You had 12 spell levels left.
You didn't know any spells.
Your spell library contained the following spells:

 Spells                   Type           Power      Damage    Failure   Level
 Mercury Vapours          Alch/Air       0%         N/A       78%         2
 Static Discharge         Conj/Air       0%         3-3/arc   78%         2
 Fugue of the Fallen      Necr           0%         N/A       95%         3
 Mephitic Cloud           Conj/Alch/Air  0%         N/A       95%         3
 Ozocubu's Armour         Ice            0%         N/A       95%         3
 Airstrike                Air            0%         2d(0-16)  100%        4
 Manifold Assault         Tloc           0%         N/A       100%        4
 Passage of Golubria      Tloc           0%         N/A       100%        4
 Summon Lightning Spire   Summ/Air       0%         N/A       100%        4
 Freezing Cloud           Conj/Ice/Air   0%         6-21      100%        5
 Metabolic Englaciation   Hex/Ice        0%         N/A       100%        5
 Silence                  Hex/Air        0%         N/A       100%        5
 Summon Forest            Summ/Tloc      0%         N/A       100%        5
 Eringya's Noxious Bog    Alch           0%         4d6       100%        6
 Sculpt Simulacrum        Ice/Alch       0%         N/A       100%        6
 Summon Hydra             Summ           0%         N/A       100%        7
 Lehudib's Crystal Spear  Conj/Erth      0%         10d2      100%        8


Dungeon Overview and Level Annotations

Branches:
Dungeon (13/15)            Temple (0/1) D:4            Lair (0/5) D:10
    Orc (0/2) D:12
 Vaults: D:13-14

Altars:
Cheibriados
Dithmenos
Gozag
Uskayaw
Wu Jian

Shops:
D:1 =

Annotations:
D:5 2 transporters, MineralWater's ghost, amateur DjIE


Innate Abilities, Weirdness & Mutations

You are immune to sickness and miasma.
Your stone body is resilient. (AC +9)
You are immune to poison.
You resist negative energy. (rN+)
You are resistant to electric shocks. (rElec)
You are resistant to unholy torment.
You are immune to petrification.


Message History

You miss the vampire mosquito.
A vampire mosquito comes into view.
The vampire mosquito bites you.
A death knight comes into view. It is wielding a +1 heavy glaive.
The vampire mosquito buzzes angrily.
You sock the vampire mosquito!
The vampire mosquito is heavily damaged.
The vampire mosquito bites you but does no damage.
The vampire mosquito closely misses you.
You thump the vampire mosquito!
You destroy the vampire mosquito!
The phantasmal warrior gestures at you.
The phantasmal warrior blinks!
You sock the two-headed ogre!
The two-headed ogre is moderately wounded.
A very large slime creature splits.
The two-headed ogre hits you with a +0 giant club!
The two-headed ogre hits you with a +0 giant club.
A wraith comes into view.
You sock the two-headed ogre!
The two-headed ogre is heavily wounded.
You bludgeon the two-headed ogre!!
The two-headed ogre is almost dead.
The two-headed ogre barely misses you. The two-headed ogre closely misses you.
You bludgeon the two-headed ogre!!
You kill the two-headed ogre!
Two slime creatures merge to form a very large slime creature.
Your Fighting skill increases to level 13!
The very large slime creature attacks as it pursues you!
The very large slime creature hits you!!!
Ouch! That really hurt!
* * * LOW HITPOINT WARNING * * *
The phantasmal warrior gestures at you.
The phantasmal warrior blinks!
There is an open door here.
Okay, then.
It was a potion of invisibility.
You fade into invisibility!
The very large slime creature hits you!!
You die...

# ########### ..
#.......... ...
###W......... ....
##.@.......... ...Wp
#yJ#..........
......##.##..........
......yy.##..........
.....W#######'#######
..... #..## ....
##..# #+# ##.# #.#


You could see a very large slime creature (unable to see you), a phantasmal
warrior, a wraith and 3 vampire mosquitoes.

Vanquished Creatures
  Snorg (D:12)
  Fannar (D:11)
  A yaktaur captain (D:11)
  A catoblepas (D:13)
  7 two-headed ogres
  A tengu warrior (D:11)
  Sonja (D:12)
  A phantasmal warrior (D:11)
  3 ugly things
  A cyclops (D:11)
  2 gargoyles (D:12)
  Joseph (D:9)
  An unseen horror (D:11)
  Jeremiah (D:7)
  4 komodo dragons
  2 kobold demonologists (D:11)
  A freezing wraith (D:13)
  A yaktaur (D:11)
  4 trolls
  Grinder (D:5)
  A slime creature (D:11)
  2 vampires (D:10)
  7 shadows
  5 wraiths
  Eustachio (D:5)
  5 wyverns
  13 yaks
  A basilisk (D:11)
  Menkaure (D:4)
  3 vampire mosquitoes
  3 acid dragons
  6 water moccasins
  2 ice beasts
  8 orc warriors
  3 centaurs
  An ogre (D:4)
  3 kobold brigands
  5 bullfrogs
  A gnoll sergeant (D:9)
  5 scorpions
  Dowan (D:5)
  14 killer bees
  9 howler monkeys
  3 electric eels (D:7)
  3 bombardier beetles
  A hound (D:6)
  10 orc priests
  3 iguanas
  4 gnoll boudas (D:6)
  A sleepcap (D:4)
  12 orc wizards
  Robin (D:4)
  26 gnolls
  9 adders
  5 dart slugs
  2 ribbon worms (D:2)
  55 orcs
  7 endoplasms
  6 giant cockroaches
  15 goblins
  10 hobgoblins
  7 jackals
  14 kobolds
  4 quokkas
  7 ball pythons
  4 bats (D:1)
  5 frilled lizards
  10 rats
360 creatures vanquished.

Vanquished Creatures (others)
  Duvessa (D:5)
  A hound (D:5)
  An orc wizard (D:9)
3 creatures vanquished.

Grand Total: 363 creatures vanquished

Notes
Turn   | Place    | Note
-------+----------+-------------------------------------------
     0 | D:1      | Nikitauou the Gargoyle Gladiator began the quest for the
                  | Orb.
     0 | D:1      | Reached XP level 1. HP: 12/12 MP: 1/1
   174 | D:1      | Reached XP level 2. HP: 17/17 MP: 2/2
   479 | D:1      | Reached XP level 3. HP: 21/22 MP: 3/3
   984 | D:1      | Found Qigusaam's Jewellery Emporium.
  1380 | D:2      | Reached skill level 1 in Armour
  1385 | D:2      | Reached XP level 4. HP: 16/27 MP: 4/4
  1389 | D:2      | Reached skill level 4 in Maces & Flails
  2444 | D:3      | Reached XP level 5. HP: 25/31 MP: 5/5
  2579 | D:3      | Found a shadowy altar of Dithmenos.
  2775 | D:3      | Reached skill level 5 in Maces & Flails
  3255 | D:4      | Reached XP level 6. HP: 27/37 MP: 6/6
  3419 | D:4      | Noticed Robin
  3450 | D:4      | Killed Robin
  3526 | D:4      | Noticed Menkaure
  3548 | D:4      | Killed Menkaure
  3549 | D:4      | Reached skill level 6 in Maces & Flails
  3549 | D:4      | Reached XP level 7. HP: 11/41 MP: 7/7
  3812 | D:4      | Found a staircase to the Ecumenical Temple.
  3855 | D:4      | HP: 3/63 [burnt (2)]
  4277 | D:4      | Reached skill level 7 in Maces & Flails
  4277 | D:4      | Reached skill level 1 in Stealth
  4349 | D:4      | Noticed Grinder
  4796 | D:5      | Entered Level 5 of the Dungeon
  4797 | D:5      | Noticed Eustachio
  5082 | D:5      | Killed Eustachio
  5083 | D:5      | Reached XP level 8. HP: 45/48 MP: 8/8
  5165 | D:5      | Found a snail-covered altar of Cheibriados.
  5191 | D:5      | Paralysed by Grinder for 5 turns
  5214 | D:5      | Paralysed by Grinder for 2 turns
  5218 | D:5      | Killed Grinder
  5219 | D:5      | Reached skill level 8 in Maces & Flails
  5522 | D:5      | Found a transporter.
  5530 | D:5      | Identified the blade talisman of a wizard's laboratory {Fly
                  | rC+}
  5548 | D:5      | Found a transporter.
  5553 | D:5      | Noticed MineralWater's ghost (amateur DjIE)
  5627 | D:5      | Reached skill level 5 in Fighting
  5631 | D:5      | Noticed Dowan
  5632 | D:5      | Noticed Duvessa
  5658 | D:5      | Killed Duvessa
  5677 | D:5      | Killed Dowan
  5835 | D:5      | Reached skill level 9 in Maces & Flails
  6167 | D:6      | Reached XP level 9. HP: 39/54 MP: 9/9
  6559 | D:6      | Reached skill level 10 in Maces & Flails
  7376 | D:7      | Identified a scroll of acquirement
  7376 | D:7      | Acquired the ring "Geeckukor" {rC+ Slay+4}
  8159 | D:7      | Noticed Jeremiah
  8176 | D:7      | Killed Jeremiah
  8177 | D:7      | Reached skill level 11 in Maces & Flails
  8177 | D:7      | Reached skill level 5 in Armour
  8177 | D:7      | Reached XP level 10. HP: 39/63 MP: 10/10
  8781 | D:8      | Reached skill level 1 in Evocations
  9666 | D:9      | Found an ornate altar of the Wu Jian Council.
  9843 | D:9      | Reached skill level 12 in Maces & Flails
 10103 | D:9      | Found a hide-covered altar of Uskayaw.
 10379 | D:9      | Noticed Joseph
 10388 | D:9      | Noticed a two-headed ogre
 10395 | D:9      | Killed Joseph
 10408 | D:9      | Killed a two-headed ogre
 10409 | D:9      | Reached XP level 11. HP: 24/69 MP: 11/11
 10692 | D:9      | Reached skill level 13 in Maces & Flails
 11456 | D:10     | Entered Level 10 of the Dungeon
 11458 | D:10     | Found an opulent altar of Gozag.
 11940 | D:10     | Noticed a two-headed ogre
 12005 | D:10     | Killed a two-headed ogre
 12657 | D:10     | Found a staircase to the Lair.
 12663 | D:10     | Reached skill level 10 in Fighting
 12888 | D:11     | Noticed a two-headed ogre
 12900 | D:11     | Noticed Fannar
 12905 | D:11     | Noticed a cyclops
 12907 | D:11     | Killed a two-headed ogre
 12908 | D:11     | Reached skill level 14 in Maces & Flails
 12911 | D:11     | Noticed a sun demon
 13359 | D:11     | Noticed a two-headed ogre
 13384 | D:11     | Killed a two-headed ogre
 13705 | D:11     | Killed Fannar
 13706 | D:11     | Reached XP level 12. HP: 69/78 MP: 12/12
 13817 | D:11     | Reached skill level 5 in Stealth
 14002 | D:11     | Noticed a two-headed ogre
 14018 | D:11     | Killed a two-headed ogre
 14530 | D:11     | Noticed a yaktaur captain
 14545 | D:11     | Killed a yaktaur captain
 14815 | D:11     | Noticed a tengu warrior
 14831 | D:11     | Killed a tengu warrior
 15980 | D:12     | Noticed Sonja
 15982 | D:12     | Noticed a two-headed ogre
 16000 | D:12     | Killed Sonja
 16014 | D:12     | Reached skill level 15 in Maces & Flails
 16080 | D:12     | Killed a two-headed ogre
 16289 | D:12     | Found a staircase to the Orcish Mines.
 16440 | D:12     | Reached XP level 13. HP: 81/87 MP: 13/13
 17232 | D:1      | Bought a ring of see invisible for 150 gold pieces
 17897 | D:13     | Noticed Snorg
 18397 | D:12     | Killed Snorg
 18691 | D:13     | Annihilated by a very large slime creature

Illustrated notes

Levels and vault maps discovered:
D:1:      dpeg_cavernosity, layout_basic, serial_aquarium,
          aquarium_bridge_square [aquarium_subvault_wall,
          aquarium_subvault_bridge, aquarium_subvault_wall,
          aquarium_subvault_bridge], aquarium_window_2,
          aquarium_window_corridor_3, aquarium_window_2, aquarium_window_2,
          aquarium_view_2e, aquarium_pool_side, serial_shops, shop
D:2:      cheibrodos_old_hovel, layout_basic, grunt_ministairs_15
D:3:      layout_basic, nicolae_dithmenos_the_darkroom,
          minmay_misc_feat_ornament, kennysheep_small_spiral,
          uniq_crazy_yiuf_cottage
D:4:      layout_cave_pods, minmay_temple_entry_gardened_gates, uniq_robin,
          uniq_menkaure, uniq_grinder
D:5:      layout_basic, kennysheep_slug_shrine, gammafunk_ghost_mausoleum,
          uniq_duvessa, uniq_eustachio
D:6:      layout_basic, portal_sewer_entry_b
D:7:      layout_cave_pools, serial_bayou_lagoon_b, uniq_jeremiah
D:8:      layout_basic
D:9:      layout_stronghold, nicolae_wu_jian_immortal_techniques,
          mainiacjoe_overflow_alcove_2, uniq_joseph
D:10:     layout_basic, nicolae_gozag_cash_rules_everything_around_me,
          grunt_lair_entry_orc_guard_hut, minmay_circle_x
D:11:     nzn_winding_woodlands_cross [nzn_winding_woodlands_5x15_pool,
          nzn_winding_woodlands_5x15_sidewinder,
          nzn_winding_woodlands_5x15_default, nzn_winding_woodlands_5x15_zeroes,
          nzn_winding_woodlands_15x15_thick_spiral], layout_irregular_city,
          minmay_joined_circles, uniq_fannar
D:12:     layout_loops_ring, hiddenorc1_lemuel, uniq_sonja
D:13:     layout_roguey, uniq_snorg, uniq_urug

Skill      XL: |  1  2  3  4  5  6  7  8  9 10 11 12 13 |
---------------+----------------------------------------+-----
Armour         | 1 2 3 5 8 9 |  9.9
Maces & Flails | 4 5 6 7 9 11 12 14 15 | 15.3
Fighting       | 3 4 5 7 8 10 12 13 | 13.0
Stealth        | 1 2 3 4 5 6 |  6.0
Evocations     | 1 |  1.9
Throwing       | 2 |  2.2
Dodging        | |  2.9

Action                     |  1- 3 |  4- 6 |  7- 9 | 10-12 | 13-15 || total
---------------------------+-------+-------+-------+-------+-------++-------
  Melee: Flail             |    86 |   249 |   414 |   713 |    63 ||  1525
         Punch             |       |     2 |     4 |    12 |     2 ||    20
  Throw: Throwing net      |     3 |       |     1 |     8 |       ||    12
  Evoke: Wand              |       |     1 |    13 |    16 |     2 ||    32
    Use: Scroll            |       |     7 |     6 |    12 |     2 ||    27
         Potion            |       |     2 |     5 |     4 |     2 ||    13
   Stab: Sleeping          |     1 |       |     2 |     1 |       ||     4
         Paralysed         |       |     2 |     9 |       |       ||    11
         Held in net/web   |       |       |       |    10 |       ||    10
 Armour: Leather armour    |    54 |     3 |       |       |       ||    57
         Ring mail         |       |   188 |   272 |    58 |       ||   518
         Chain mail        |       |       |       |   493 |       ||   493
         Scale mail        |       |       |       |    44 |    59 ||   103
  Dodge: Dodged            |    64 |   229 |   250 |   423 |    45 ||  1011
